 Dungeon Crawl Stone Soup version 0.28.0 (webtiles) character file.

Game seed: 9334524112758231010

383 browni3141 the Chopper (level 6, 0/52 HPs)
             Began as a Minotaur Berserker on Feb 11, 2022.
             Was a Believer of Trog.
             Slain by an orc warrior (13 damage)
             ... on level 5 of the Dungeon.
             The game lasted 00:02:07 (3398 turns).

browni3141 the Chopper (Minotaur Berserker)         Turns: 3398, Time: 00:02:07

Health: 0/52       AC:  9    Str: 21    XL:     6   Next: 47%
Magic:  5/5        EV:  7    Int: 13    God:    Trog [**....]
Gold:   128        SH: 10    Dex: 12    Spells: 5/5 levels left

rFire   . . .      SeeInvis +   a - +0 hand axe
rCold   . . .      Faith    .   i - +1 kite shield of the Bulwark {Contam rElec Int+3 SInv}
rNeg    . . .      Spirit   .   d - +0 chain mail
rPois   .          Reflect  .   (helmet restricted)
rElec   +          Harm     .   (no cloak)
rCorr   .          Rampage  .   (no gloves)
Will    .....                   (no boots)
Stlth   ..........              (no amulet)
HPRegen 0.17/turn               f - +6 ring of intelligence
MPRegen 0.09/turn               (no ring)

@: on berserk cooldown, slowed, very slow
A: horns 2, retaliatory headbutt
a: Renounce Religion, Berserk, Trog's Hand


You were on level 5 of the Dungeon.
You worshipped Trog.
Trog was pleased with you.
You visited 1 branch of the dungeon, and saw 5 of its levels.

You collected 128 gold pieces.

Inventory:

Hand Weapons
 a - a +0 hand axe (weapon)
Armour
 b - a +0 animal skin
 c - a +0 tower shield
 d - a +0 chain mail (worn)
 i - the +1 kite shield of the Bulwark (worn) {Contam rElec Int+3 SInv}
   (You took it off a goblin on level 2 of the Dungeon)

   Int:       It affects your intelligence (+3).
   rElec:     It insulates you from electricity.
   SInv:      It lets you see invisible.
   Contam:    It causes magical contamination when unequipped.
Jewellery
 f - a +6 ring of intelligence (left hand)
Scrolls
 g - 4 scrolls of amnesia
 h - a scroll of enchant weapon {unknown}
 k - a scroll of brand weapon
 l - a scroll of fear
 p - a scroll of silence {unknown}
 r - 2 scrolls of identify
 t - a scroll of fog {unknown}
Potions
 e - a potion of attraction {unknown}
 j - 2 potions of might {unknown}
 m - a potion of flight {unknown}
 n - 2 potions of brilliance {unknown}
 o - a potion of magic {unknown}
 q - 2 potions of curing {unknown}
 s - a potion of degeneration {unknown}


   Skills:
 + Level 4.1 Fighting
 * Level 5.9 Axes
 + Level 3.1 Armour
 + Level 2.8 Dodging
 * Level 5.3 Shields


You had 5 spell levels left.
You didn't know any spells.
Your spell library was empty.

Dungeon Overview and Level Annotations

Branches:
Dungeon (5/15)
 Temple: D:4-7

Altars:
Makhleb
The Shining One


Innate Abilities, Weirdness & Mutations

You have a pair of horns on your head.
You reflexively headbutt those who attack you in melee.


Message History

The ice beast barely misses you. You furiously retaliate!
You headbutt the ice beast.
A red film seems to cover your vision as you go berserk!
You feel yourself moving faster!
You feel mighty! You block the ice beast's attack.
You barely miss the ice beast. You headbutt the ice beast.
The ice beast is moderately wounded.
You slash the ice beast! You headbutt the ice beast!
You kill the ice beast!
Trog accepts your kill.
Your Armour skill increases to level 3!
No target in view! 2 orcs come into view.
The orc shouts!
You hear a shout!
An orc warrior comes into view. It is wielding a +0 halberd.
You feel a strong urge to attack something.
The orc warrior shouts!
There are monsters nearby!
There are monsters nearby!
You feel your anger nearly subside.
You are no longer berserk.
You are exhausted.
You feel yourself slow down.
You closely miss the orc. x2; You block the orc's attack. x2
The orc warrior hits you from afar with a +0 halberd!
You hit the orc. You headbutt the orc.
You kill the orc!
Trog accepts your kill.
You hit the orc but do no damage. The orc hits you but does no damage.
The orc warrior hits you but does no damage.
The orc hits you but does no damage.
The orc warrior hits you but does no damage.
You barely miss the orc. You headbutt the orc!
You kill the orc!
Trog accepts your kill.
The orc warrior hits you from afar with a +0 halberd!
The orc warrior hits you from afar with a +0 halberd!
* * * LOW HITPOINT WARNING * * *
A water moccasin zombie comes into view.
The orc warrior hits you from afar with a +0 halberd!
You die...

####...#'# #...........
#.......<. #..........#
#....#.... #.^........#
#....#.... #.........Z#
#...###... #..........#
##..## ##.. #..........#
##..## ##.
#.....)....#####..##..⌠..##
#.......o.@..#...##..⌠.⌠..
#......)...#...### .⌠._.⌠.
#..........###...# ..⌠.⌠..
#..........# ###..##..⌠..+
#..........# #..##...##
#..........# #..##.##
#..........# #..#
############ #.. #.


You could see an orc warrior and a water moccasin zombie.

Vanquished Creatures
  An ice beast (D:5)
  A phantom (D:4)
  2 hounds (D:4)
  4 adders
  4 gnolls (D:2)
  An ufetubus (D:4)
  2 worms (D:2)
  A dart slug (D:2)
  3 orcs
  2 endoplasms
  5 giant cockroaches
  4 hobgoblins
  7 kobolds
  5 quokkas
  3 ball pythons
  3 bats
  4 frilled lizards
  7 goblins
  6 rats
65 creatures vanquished.

Vanquished Creatures (others)
  2 plants (D:3)
2 creatures vanquished.

Grand Total: 67 creatures vanquished

Notes
Turn   | Place    | Note
-------+----------+-------------------------------------------
     0 | D:1      | browni3141 the Minotaur Berserker began the quest for the
                  | Orb.
     0 | D:1      | Reached XP level 1. HP: 19/19 MP: 0/0
   258 | D:1      | Reached skill level 1 in Shields
   348 | D:1      | Reached XP level 2. HP: 27/27 MP: 1/1
   768 | D:2      | Identified the +1 kite shield of the Bulwark {Contam rElec
                  | Int+3 SInv}
   772 | D:2      | Reached XP level 3. HP: 16/33 MP: 2/2
  1043 | D:2      | Reached ** piety under Trog
  1118 | D:2      | Reached XP level 4. HP: 40/40 MP: 3/3
  1877 | D:3      | Reached skill level 5 in Axes
  2404 | D:3      | Found a faded altar of an unknown god.
  2592 | D:4      | Found a burning altar of Makhleb.
  2608 | D:4      | Reached XP level 5. HP: 40/46 MP: 4/4
  2933 | D:4      | Noticed a phantom
  2952 | D:4      | Killed a phantom
  2953 | D:4      | Reached skill level 5 in Shields
  2953 | D:4      | Reached XP level 6. HP: 15/52 MP: 5/5
  3359 | D:5      | Entered Level 5 of the Dungeon
  3375 | D:5      | Found a glowing golden altar of the Shining One.
  3382 | D:5      | Noticed an ice beast
  3388 | D:5      | Killed an ice beast
  3390 | D:5      | Noticed an orc warrior
  3398 | D:5      | Slain by an orc warrior

Illustrated notes

Levels and vault maps discovered:
D:1:      lightli_arrival_maybe_door_vault, layout_basic, minmay_bisected
D:2:      minmay_general_purpose_star, layout_basic
D:3:      layout_loops_corners, dilly_ecumenical_altar_fadedgnrine
D:4:      layout_basic, mainiacjoe_overflow_small_starburst, fountainhead,
          minmay_misc_feat_encased, chequers_serial_rivers_micro_c
D:5:      layout_basic, tso_metal_star, mainiacjoe_overflow_divided_tiny

Skill      XL: |  1  2  3  4  5  6 |
---------------+-------------------+-----
Shields        | 1 2 3 4 5 |  5.3
Axes           | 4 5 |  5.9
Fighting       | 4 |  4.1
Armour         | 3 |  3.1
Dodging        | |  2.8

Action                   |  1- 3 |  4- 6 || total
-------------------------+-------+-------++-------
Melee: Hand axe          |    72 |    85 ||   157
       Headbutt          |     8 |    14 ||    22
Invok: Berserk           |     2 |     2 ||     4
  Use: Scroll            |       |     3 ||     3
Armor: Chain mail        |    29 |    34 ||    63
       Animal skin       |     3 |       ||     3
Dodge: Dodged            |    18 |    22 ||    40
Block: Tower shield      |    29 |       ||    29
       Kite shield       |    11 |    44 ||    55
